Map: 16-Bit LE

Players

Wardi

  • Race: Terran Terran
  • Spawn Location: 1:00

lucifron - Winner!

  • Race: Terran Terran
  • Spawn Location: 7:00

Event: WCS Valencia 2018

VOD

Have the link to the VOD?

Description

Time

  • Played on: July 12, 2018, 7:01 a.m.
  • Length: 4:41

All games in this series

Show
View Real Time Build Order
Export as new Build Order

Wardi Terran 

Build Orders: Cyclone Opening 

Get SALT Encoding   

  12  0:02  SCV  
  13  0:14  SCV  
  14  0:20  Supply Depot  
  14  0:26  SCV  
  15  0:30  Refinery  
  15  0:41  SCV  
  16  0:47  Barracks  
  16  0:53  SCV  
  16  0:56  Refinery  
  17  1:07  SCV  
  18  1:19  SCV  
  19  1:34  Reaper, Orbital Command  
  20  1:43  Factory  
  20  1:59  Supply Depot  
  20  2:01  SCV  
  21  2:06  Reaper  
  22  2:13  SCV  
  23  2:29  Cyclone  
  26  2:45  Barracks Reactor  
  26  2:46  SCV  
  25  2:53  Command Center  
  25  3:03  Cyclone  
  28  3:06  SCV  
  29  3:18  SCV  
  27  3:51  SCV  
  27  3:55  Barracks Tech Lab, Cyclone  
  31  4:00  Supply Depot  
  31  4:06  Supply Depot  
  31  4:14  SCV, Orbital Command  
  35  4:27  SCV  
Show
View Real Time Build Order
Export as new Build Order

lucifron Terran - Winner!

Build Orders: 1/1/1, Cyclone Opening 

Get SALT Encoding   

  12  0:00  SCV  
  13  0:12  SCV  
  14  0:18  Supply Depot  
  14  0:24  SCV  
  15  0:30  Refinery  
  15  0:39  SCV  
  16  0:45  Barracks  
  16  0:51  SCV  
  17  1:03  SCV, Refinery  
  18  1:15  SCV  
  19  1:31  Orbital Command  
  19  1:32  Reaper  
  20  1:39  Factory  
  20  1:52  Supply Depot  
  20  1:57  SCV  
  21  2:04  Reaper  
  22  2:09  SCV  
  23  2:21  SCV  
  27  2:23  Starport  
  27  2:28  Cyclone  
  27  2:33  SCV  
  28  2:41  Supply Depot  
  28  2:45  SCV  
  28  2:49  Barracks Tech Lab  
  29  2:57  SCV  
  30  3:10  Cloaking Field  
  30  3:11  Banshee  
  34  3:18  SCV  
  34  3:33  Command Center  
  33  3:35  SCV  
  34  3:45  Factory Tech Lab  
  34  3:46  Barracks Reactor  
  34  3:47  SCV  
  34  3:54  Supply Depot, Banshee  
  37  3:59  SCV  
  38  4:11  SCV  
  42  4:18  Supply Depot  
  42  4:23  SCV, Marine x2  
Tags
 
Add a new tag
Caveats
  • Supply blocks, unpowered buildings, or Contaminate may cause inaccurate times.
  • Supply counts are checked every 10 seconds.